 Dungeon Crawl Stone Soup version 0.31.0-11-ge490571c62 (webtiles) character file.

Game seed: 7950647177885378112

371 PriceMaster the Covered (level 6, -1/82 HPs)
             Began as a Minotaur Fighter on Feb 7, 2024.
             Was an Initiate of Gozag.
             Succumbed to MadMike78's ghost's poison
             ... on level 4 of the Dungeon.
             The game lasted 00:03:22 (3580 turns).

PriceMaster the Covered (Minotaur Fighter)          Turns: 3580, Time: 00:03:22

Health: -1/82      AC: 23    Str: 23    XL:     6   Next: 42%
Magic:  5/5        EV:  2    Int:  5    God:    Gozag
Gold:   264        SH:  4    Dex:  9    Spells: 5/5 levels left

rFire   . . .        l - +1 falchion (holy)
rCold   . . .        c - +0 buckler
rNeg    . . .        b - melded +0 scale mail
rPois   +            (helmet currently unavailable)
rElec   .            (cloak currently unavailable)
rCorr   .            (gloves currently unavailable)
SInv    .            (boots currently unavailable)
Will    .....        i - amulet of faith
Stlth   +            (no ring)
HPRegen 0.33/turn    (no ring)
MPRegen 0.09/turn

%: faith
@: brilliant, lethally poisoned (-1 -> -11), tree-form, very slow
A: stationary, stasis, torment immunity, boosted hp, (horns 2), (retaliatory
headbutt)
a: Renounce Religion, Potion Petition, Call Merchant, Bribe Branch


You were on level 4 of the Dungeon.
You worshipped Gozag.
Gozag was aware of your devotion.
You were a tree.
You visited 1 branch of the dungeon, and saw 4 of its levels.

You collected 313 gold pieces.
You paid 49 gold pieces to Gozag.

Inventory:

Hand Weapons
 a - a +0 trident
 l - a +1 falchion of holy wrath (weapon)
Armour
 b - a +0 scale mail (melded)
 c - a +0 buckler (worn)
Jewellery
 i - an amulet of faith (around neck)
 j - a ring of wizardry
Scrolls
 d - a scroll of noise {unknown}
 e - 2 scrolls of enchant armour {unknown}
 m - a scroll of poison
 n - 2 scrolls of blinking {unknown}
 o - a scroll of teleportation
Potions
 f - a potion of magic


   Skills:
 + Level 4.9 Fighting
 + Level 1.0 Long Blades
 + Level 4.6 Polearms
 + Level 5.6 Armour
 + Level 1.4 Dodging
 + Level 0.4 Stealth
 + Level 4.8 Shields


You had 5 spell levels left.
You didn't know any spells.
Your spell library contained the following spells:

 Spells                   Type           Power      Damage    Failure   Level
 Dazzling Flash           Conj/Hex       0%         N/A       88%         3
 Volatile Blastmotes      Fire/Tloc      0%         2d10      88%         3
 Starburst                Conj/Fire      0%         6d3       100%        6
 Maxwell's Capacitive Co  Air            0%         ∞         100%        8


Dungeon Overview and Level Annotations

Branches:
Dungeon (4/15)
 Temple: D:4-7

Altars:
Dithmenos
Gozag

Annotations:
D:4 1 runed translucent door, MadMike78's ghost, amateur GnWn


Innate Abilities, Weirdness & Mutations

You are a tree.
Your roots penetrate the ground, keeping you stationary.
You cannot be teleported.
You are immune to unholy pain and torment.
Your maximum health is greatly increased.
Your equipment is partially melded.
((You have a pair of horns on your head.))
((You reflexively headbutt those who attack you in melee.))


Message History

You block MadMike78's ghost's attack. MadMike78's ghost closely misses you.
Your unstable footing causes you to fumble your attack.
You feel sick. MadMike78's ghost closely misses you. You furiously retaliate!
You headbutt MadMike78's ghost!
Okay, then.
You barely miss MadMike78's ghost.
MadMike78's ghost is severely damaged.
You feel sick. MadMike78's ghost misses you.
Your unstable footing causes you to fumble your attack.
You feel sick.
MadMike78's ghost hits you but does no damage.
You are more poisoned.
Your unstable footing causes you to fumble your attack.
You feel sick. MadMike78's ghost hits you.
* * * LOW HITPOINT WARNING * * *
You are more poisoned.
MadMike78's ghost hits you.
* * * LOW HITPOINT WARNING * * *
You are more poisoned.
You turn into a tree.
Your +0 scale mail melds into your body.
Your roots penetrate the ground.
* * * LOW HITPOINT WARNING * * *
You feel very sick. MadMike78's ghost hits you.
* * * LOW HITPOINT WARNING * * *
You hit MadMike78's ghost but do no damage.
MadMike78's ghost is severely damaged.
* * * LOW HITPOINT WARNING * * *
You feel very sick. You block MadMike78's ghost's attack.
You hit MadMike78's ghost.
MadMike78's ghost convulses.
MadMike78's ghost is almost destroyed.
* * * LOW HITPOINT WARNING * * *
You feel very sick.
MadMike78's ghost hits you but does no damage.
You barely miss MadMike78's ghost.
MadMike78's ghost is almost destroyed.
You die...
Your body crumbles into a pile of gold.

.##############.........)....##.#
.......................##......(#
.......................#.........
..###############.....##..#.#....
#...............#.....##....#.###
#...###########'#.........#.#.# #
#.#.....##.....############.#.# #
#.#####.##.....#~~~~~~~~S#..#.# #
#.# #.##.....$♣W~~$~~~S+..#.###
#.#####.##.....#$~~~~~~~~#..#.#..
...............###########..#.#.#
..#######.................#.#.#.#
....................##.#..#.#.#.#
.#....##............##.#..#.#.#.#
.#....##..############....#.#.#.#
.#........# ######..#.#.#.#.#
.#........# #......##.#.#.#.#


You could see MadMike78's ghost.

Vanquished Creatures
  A phantom (D:4)
  A bombardier beetle (D:4)
  A hound (D:4)
  Terence (D:3)
  Natasha (twice) (D:2)
  7 adders
  A gnoll (D:1)
  5 dart slugs
  A ribbon worm (D:3)
  6 orcs
  3 endoplasms (D:3)
  A giant cockroach (D:4)
  7 goblins
  12 hobgoblins
  4 quokkas
  7 ball pythons
  3 bats
  3 frilled lizards (D:2)
  6 kobolds
  8 rats
80 creatures vanquished.

Notes
Turn   | Place    | Note
-------+----------+-------------------------------------------
     0 | D:1      | PriceMaster the Minotaur Fighter began the quest for the
                  | Orb.
     0 | D:1      | Reached XP level 1. HP: 19/19 MP: 0/0
   110 | D:1      | Reached XP level 2. HP: 18/27 MP: 1/1
   388 | D:1      | Reached skill level 4 in Armour
   480 | D:1      | Reached XP level 3. HP: 32/33 MP: 2/2
  1000 | D:2      | Noticed Natasha
  1011 | D:2      | Killed Natasha
  1012 | D:2      | Reached XP level 4. HP: 27/40 MP: 3/3
  1404 | D:2      | Noticed Natasha
  1412 | D:2      | Killed Natasha
  1413 | D:2      | Reached XP level 5. HP: 36/47 MP: 4/4
  1752 | D:3      | Found a shadowy altar of Dithmenos.
  1886 | D:3      | Reached skill level 1 in Dodging
  1899 | D:3      | Reached skill level 5 in Armour
  1965 | D:3      | Noticed Terence
  1977 | D:3      | Killed Terence
  1995 | D:3      | Found an opulent altar of Gozag.
  2116 | D:3      | Became a worshipper of Gozag Ym Sagoz the Greedy
  2180 | D:3      | Found a faded altar of an unknown god.
  2501 | D:4      | Noticed a phantom
  2510 | D:4      | Killed a phantom
  2511 | D:4      | Reached XP level 6. HP: 53/53 MP: 5/5
  2527 | D:4      | Found a runed translucent door.
  2582 | D:4      | Found a runed translucent door.
  2923 | D:4      | Noticed MadMike78's ghost (amateur GnWn)
  3560 | D:4      | Reached skill level 1 in Long Blades
  3579 | D:4      | HP: 3/82 [poisoned by MadMike78's ghost]
  3580 | D:4      | Succumbed to MadMike78's ghost's poison

Illustrated notes

Levels and vault maps discovered:
D:1:      dpeg_arrival_rooms_b, layout_loops_ring, minmay_misc_feat_hallway
D:2:      layout_loops_ring, uniq_natasha
D:3:      layout_loops_ring, mainiacjoe_overflow_catwalk_spiral,
          shapermc_ecumenical_altar_hornbeckon, serial_park_tiny_1,
          chequers_serial_rivers_micro_c, uniq_terence
D:4:      layout_basic, ebering_ghost_sewer_f,
          hangedman_abyss_or_decor_lesser_grid

Skill      XL: |  1  2  3  4  5  6 |
---------------+-------------------+-----
Shields        | 4 |  4.8
Armour         | 4 5 |  5.6
Fighting       | 4 |  4.9
Polearms       | 3 4 |  4.6
Dodging        | 1 |  1.4
Long Blades    | 1 |  1.0
Stealth        | |  0.4

Action                     |  1- 3 |  4- 6 || total
---------------------------+-------+-------++-------
  Melee: Trident           |    84 |    93 ||   177
         Headbutt          |     4 |    23 ||    27
         Falchion          |       |    82 ||    82
    Use: Potion            |     5 |     4 ||     9
         Scroll            |       |     3 ||     3
 Armour: Scale mail        |    33 |   106 ||   139
         Skin              |     3 |     2 ||     5
  Dodge: Dodged            |    33 |    66 ||    99
  Block: Buckler           |    17 |    29 ||    46
